 Dungeon Crawl Stone Soup version 0.22-a0-619-ga0c6fd2 (webtiles) character file.

936 twist the Poker (level 8, -9/56 HPs)
             Began as a Merfolk Transmuter on July 14, 2018.
             Mangled by an ogre
             ... wielding a +0 giant club
              (18 damage)
             ... on level 5 of the Dungeon.
             The game lasted 00:11:09 (4219 turns).

twist the Poker (Merfolk Transmuter)                Turns: 4219, Time: 00:11:09

Health: -9/56      AC:  2    Str: 10    XL:     8   Next: 12%
Magic:  9/11       EV: 22    Int: 15    God:
Gold:   200        SH:  0    Dex: 19    Spells: 5/11 levels left

rFire    . . .     SeeInvis .     - Unarmed
rCold    . . .     Gourm    .   (shield currently unavailable)
rNeg     . . .     Faith    .   (armour currently unavailable)
rPois    x         Spirit   .   (helmet currently unavailable)
rElec    .         Reflect  .   (cloak currently unavailable)
rCorr    .         Harm     .   (gloves currently unavailable)
MR       .....                  (boots currently unavailable)
Stlth    ++........             (no amulet)
HPRegen  0.18/turn              (no ring)
MPRegen  0.12/turn              (no ring)

@: spider-form (expiring)
A: tiny, (change form in water), (swift swim), (stealthy swim)
a: End Transformation


You were on level 5 of the Dungeon.
You were very hungry.
You were a venomous arachnid creature.
You visited 1 branch of the dungeon, and saw 5 of its levels.

You collected 200 gold pieces.

Inventory:

Hand Weapons
 p - a +1 spear (melded)
 q - a +2 scythe of protection
 t - a +0 halberd
Missiles
 a - 81 arrows
 s - 29 poisoned needles
Armour
 b - a +0 robe
 c - a +0 pair of boots (melded)
 k - a +0 leather armour
 o - a +1 pair of gloves (melded)
 u - a +4 ring mail of cold resistance (melded)
Wands
 r - a wand of disintegration (5)
Scrolls
 h - 3 scrolls of remove curse
Potions
 e - a potion of agility
 f - a potion of magic
 g - 2 potions of mutation {unknown}
 i - a potion of berserk rage {unknown}
 j - 3 potions of curing {unknown}
 l - a potion of might {unknown}
 m - 2 potions of lignification {unknown}
 n - a potion of resistance {unknown}
 w - 2 potions of heal wounds {unknown}
Comestibles
 d - 4 rations
 v - 7 chunks of flesh


   Skills:
 - Level 1.9 Fighting
 * Level 7.8 Polearms
 + Level 0.9 Armour
 - Level 3.4 Dodging
 - Level 4.1 Unarmed Combat
 - Level 2.4 Spellcasting
 + Level 6.1 Transmutations
 + Level 4.0 Poison Magic


You had 5 spell levels left.
You knew the following spells:

 Your Spells              Type           Power        Failure   Level  Hunger
a - Beastly Appendage     Tmut           ###...       7%          1    #......
b - Sticks to Snakes      Tmut           ###.....     10%         2    ###....
c - Spider Form           Tmut/Pois      ###.......   21%         3    ###....

Your spell library contained the following spells:

 Spells                   Type           Power        Failure   Level  Hunger
 Blade Hands              Tmut           ###.......   65%         5    ######.
 Ice Form                 Ice/Tmut       ##......     73%         4    #####..


Dungeon Overview and Level Annotations

Branches:
Dungeon (5/15)
 Temple: D:4-7

Altars:
Okawaru
Yredelemnul

Portals:
Ossuary: D:5


Message History

* * * LOW HITPOINT WARNING * * *
You bite the orc wizard!
You kill the orc wizard!
You hit the ogre.
The ogre is poisoned.
The ogre is lightly wounded.
Your transformation is almost over.
The ogre barely misses you.
Okay, then.
Okay, then.
Okay, then.
You hit the ogre.
The ogre looks as sick as possible!
The ogre is moderately wounded.
Unknown command.
You hit the ogre but do no damage.
The ogre is moderately wounded.
The ogre barely misses you.
You barely miss the ogre.
The ogre is heavily wounded.
The ogre hits you with a giant club!!
You die...

.....###...#>##..#
.....#######.##..#
......# #o##..#
#^...##
#.....##### ###.##
####o###.'#### #+
#.# #..Oo...#...#
..# ###.#
#..#.####.>.#.>.#
.##+## #.###O#
#...#...# .#...##
#. #s## #########
....>.# #.......#
..#...# .......
#..##.#.# .>.#.∩.#
....... #.
#.#.##...#..?#
>...... .. ...
.+#######+ .......
## ..# ## .......
### #.....# #...##


You could see an ogre.

Vanquished Creatures
  Grinder (D:4)
  Sigmund (D:3)
  A centaur (D:5)
  A scorpion (D:5)
  A hound (D:4)
  3 orc priests
  An orc wizard (D:5)
  A centaur skeleton (D:4)
  Ijyb (D:4)
  An iguana (D:4)
  A worker ant (D:5)
  A hound zombie (D:5)
  4 gnolls (D:3)
  6 adders
  2 worms
  2 adder skeletons
  4 dart slugs
  A leopard gecko (D:3)
  5 orcs
  8 giant cockroaches
  7 goblins
  4 hobgoblins
  9 jackals
  A quokka (D:2)
  4 ball pythons
  2 bats (D:3)
  4 frilled lizards
  6 kobolds
  A leopard gecko skeleton (D:4)
  11 rats
95 creatures vanquished.

Vanquished Creatures (collateral kills)
  2 jackals (D:2)
2 creatures vanquished.

Grand Total: 97 creatures vanquished

Notes
Turn   | Place    | Note
-------+----------+-------------------------------------------
     0 | D:1      | twist the Merfolk Transmuter began the quest for the Orb.
     0 | D:1      | Reached XP level 1. HP: 15/15 MP: 3/3
   220 | D:1      | Reached XP level 2. HP: 18/21 MP: 3/5
   224 | D:1      | Learned a level 2 spell: Sticks to Snakes
   746 | D:2      | Reached XP level 3. HP: 27/27 MP: 4/6
  1210 | D:2      | Learned a level 3 spell: Spider Form
  1286 | D:2      | Reached XP level 4. HP: 23/33 MP: 3/7
  1906 | D:3      | Reached skill level 1 in Polearms
  1957 | D:3      | Reached XP level 5. HP: 26/38 MP: 2/8
  1969 | D:3      | Reached skill level 2 in Polearms
  2103 | D:3      | Reached skill level 1 in Poison Magic
  2165 | D:3      | Found an iron altar of Okawaru.
  2283 | D:3      | Reached skill level 3 in Polearms
  2402 | D:3      | Reached XP level 6. HP: 18/44 MP: 3/9
  2567 | D:3      | Noticed Sigmund
  2585 | D:3      | Killed Sigmund
  2585 | D:3      | Reached skill level 5 in Polearms
  3070 | D:4      | Found a basalt altar of Yredelemnul.
  3103 | D:4      | Reached skill level 5 in Transmutations
  3127 | D:4      | Noticed Ijyb
  3149 | D:4      | Killed Ijyb
  3149 | D:4      | Reached XP level 7. HP: 30/49 MP: 7/10
  3544 | D:4      | Noticed Grinder
  3558 | D:4      | Killed Grinder
  3558 | D:4      | Reached skill level 6 in Polearms
  3639 | D:3      | Reached skill level 7 in Polearms
  4032 | D:5      | Entered Level 5 of the Dungeon
  4114 | D:5      | Reached XP level 8. HP: 48/56 MP: 7/11
  4194 | D:5      | Found a sand-covered staircase.
  4219 | D:5      | Mangled by an ogre

Vault maps used:
D:1:      minmay_arrival_cross, minmay_pentomino_s2
D:3:      nicolae_overflow_crystal_walls, uniq_sigmund
D:4:      old_standard_altar, uniq_ijyb, uniq_grinder
D:5:      first_ration, nicolae_ossuary_entry_false_entrances

Skill      XL: |  1  2  3  4  5  6  7  8 |
---------------+-------------------------+-----
Dodging        | 3 |  3.4
Transmutations | 3 4 5 6 |  6.1
Unarmed Combat | 4 |  4.1
Polearms       | 1 3 5 7 |  7.8
Poison Magic   | 1 2 3 4 |  4.0
Fighting       | |  1.9
Armour         | |  0.9
Spellcasting   | |  2.4

Action                   |  1- 3 |  4- 6 |  7- 9 || total
-------------------------+-------+-------+-------++-------
Melee: Unarmed           |   116 |   109 |    49 ||   274
       Punch             |     1 |     3 |     1 ||     5
       Headbutt          |    13 |     7 |       ||    20
       Spear             |       |    81 |    32 ||   113
 Cast: Beastly Appendage |    16 |    15 |     1 ||    32
       Sticks to Snakes  |     2 |       |       ||     2
       Spider Form       |       |    10 |     9 ||    19
  Use: Scroll            |       |       |     8 ||     8
 Stab: Sleeping          |     1 |       |       ||     1
  Eat: Chunk             |     2 |     8 |       ||    10
       Ration            |       |       |     1 ||     1
Armor: Robe              |    16 |       |       ||    16
       Leather armour    |     5 |    38 |     4 ||    47
       Ring mail         |       |       |     7 ||     7
       Skin              |       |       |     1 ||     1
Dodge: Dodged            |    66 |   106 |    45 ||   217

Table legend:
 A = Spawn XP
 B = Non-spawn XP
 C = Spawn XP percentage of total XP
 D = Spawn monster count
 E = Non-spawn monster count
 F = Spawn count percentage of total count
 G = Total turns spent on level
                    A         B        C        D         E        F      G
               +---------+---------+-------+---------+---------+-------+---------
         Total |       0 |    1338 |   0.0 |       0 |      97 |   0.0 |  4219
               +---------+---------+-------+---------+---------+-------+---------
           D:1 |       0 |      32 |   0.0 |       0 |      19 |   0.0 |   743
           D:2 |       0 |      80 |   0.0 |       0 |      31 |   0.0 |  1037
           D:3 |       0 |     453 |   0.0 |       0 |      28 |   0.0 |  1471
           D:4 |       0 |     452 |   0.0 |       0 |      11 |   0.0 |   781
           D:5 |       0 |     321 |   0.0 |       0 |       8 |   0.0 |   187
               +---------+---------+-------+---------+---------+-------+---------
